Unix NetHack Version 3.7.0-51 Work-in-progress - last build Mar 7 2022 13:06:07 (ce1e6a145e5d3e7dd6f4b57ba37794bc207988de,branch:master). Game began 2022-03-20 22:51:55, ended 2022-03-20 23:20:19. Gandelf, neutral male human Monk ----------- ----------- |..........# |.........| |.........| # |.........| --------- |..........0 ------ ---.- ..........| #.......<| |.......... |..... |...|##############..........| #|......{| |...>.....|# ####-(u..| |...|# |.........| #|..{....| |.........| *###**..@.-### |...|# --..------- #--------- ---.------- ## |....| ####-...|# ## ### # # ------ |....### # ## # # -----# ## # # # # ### # ## ---------|----- # # # # #################..............| # ## # ## # # # |.............-######------# ### # ##..............| * #-....|# -.-----# --------------- |....|# |^....|# |..%.|# |.....|# |....-# |......# |....| ------- ------ Gandelf the Initiate St:18 Dx:15 Co:10 In:9 Wi:13 Ch:10 Neutral S:2481 Dlvl:7 $:27 HP:0(45) Pw:35(35) AC:4 Xp:6/521 T:2631 Latest messages: The white unicorn misses! You miss the white unicorn. The white unicorn butts! The white unicorn kicks! The white unicorn butts! The white unicorn kicks! You miss the white unicorn. The white unicorn butts! The white unicorn misses! Your hands begin to glow red. What do you want to drink? [elmxCJ or ?*] ? Never mind. You miss the leprechaun. You miss wildly and stumble forwards. You see here 11 rocks. There is a doorway here. You see here 2 rocks. You see here an empty unlocked large box. You miss the leprechaun. The leprechaun hits! You hit the leprechaun! Your hands stop glowing red. The leprechaun appears confused. You kill the leprechaun! You miss the wood nymph. The wood nymph stole a lock pick. The wood nymph vanishes! $ - 27 gold pieces. k - a food ration. What do you want to throw? [$wV or ?*] * In what direction? j The crossbow bolt misses the floating eye. The crossbow bolt hits the floating eye. The crossbow bolt hits the floating eye. The crossbow bolt hits the floating eye. The crossbow bolt misses the floating eye. You kill the floating eye! V - 2 crossbow bolts. c - a floating eye corpse. Where do you want to travel to? (For instructions type a '?') The white unicorn butts! The white unicorn misses! The white unicorn butts! The white unicorn just misses! The white unicorn butts! The white unicorn just misses! The white unicorn butts! You die... Do you want your possessions identified? [ynq] (y) q Major events: Turn 1: Gandelf the neutral male human Monk entered the dungeon 568: attained the rank of Novice (level 3) 2048: attained the rank of Initiate (level 6) 2267: bestowed with Cleaver by Chih Sung-tzu 2631: killed by a white unicorn Inventory: Coins $ - 27 gold pieces Weapons V - 5 blessed +1 crossbow bolts U - the rustproof +0 Cleaver (weapon in hands) w - a blessed +0 mace Armor O - a cursed -1 helmet (being worn) a - an uncursed +2 pair of leather gloves (being worn) t - an uncursed +0 pair of leather gloves b - an uncursed +1 robe (being worn) Comestibles g - 5 uncursed apples k - 3 uncursed food rations i - 5 uncursed fortune cookies h - 5 uncursed oranges X - an uncursed orange R - an uncursed tripe ration c - an uncursed floating eye corpse Scrolls d - an uncursed scroll of destroy armor K - an uncursed scroll of enchant armor u - an uncursed scroll of enchant weapon E - an uncursed scroll of gold detection I - a cursed scroll of light n - an uncursed scroll of scare monster Potions C - 2 uncursed potions of fruit juice l - an uncursed potion of monster detection m - an uncursed potion of oil x - a cursed potion of sickness J - a potion of holy water e - 3 uncursed potions of water Rings v - an uncursed ring of levitation Wands q - a wand of create monster (0:11) S - a wand of fire (0:4) r - a wand of light (0:10) y - a wand of locking (0:1) Y - a wand of striking (0:0) Tools z - an expensive camera (0:65) j - an uncursed oil lamp Z - 6 uncursed wax candles Gems/Stones H - an uncursed garnet stone G - an uncursed worthless piece of yellowish brown glass Gandelf the Monk's attributes: Background: You were an Initiate, a level 6 male human Monk. You were neutral, on a mission for Chih Sung-tzu who was opposed by Shan Lai Ching (lawful) and Huan Ti (chaotic). You were in the Dungeons of Doom, on level 7. You entered the dungeon 2631 turns ago. It was nighttime. You had 521 experience points, 119 more were needed to attain level 7. Your score was 2481 before end-of-game adjustments. Basics: You had 0 out of 45 hit points. You had all 35 energy points (spell power). Your armor class was 4. Your wallet contained 27 zorkmids. Autopickup was off. Final Characteristics: Your strength was 18 (limit:18/100). Your dexterity was 15 (limit:18). Your constitution was 10 (limit:18). Your intelligence was 9 (limit:18). Your wisdom was 13 (limit:18). Your charisma was 10 (limit:18). Final Status: You were not hungry. You were unencumbered. You were wielding an axe. You were unskilled in axe. Final Attributes: You were piously aligned. You were sleep resistant. You were poison resistant. You saw invisible. You were telepathic. You were stealthy. You were guarded. You were fast. You are dead. Miscellaneous: You never encountered a bones level. Total elapsed playing time was 28 minutes and 24 seconds. Vanquished creatures: a djinni a leprechaun a dingo a plains centaur a water nymph an orc shaman 2 rock moles a shrieker a gnome leader a ghoul a giant ant 5 floating eyes 2 kobold leaders 2 rothes a dwarf zombie a werejackal 3 iguanas 5 killer bees a hobbit a hobgoblin a yellow mold a gecko 4 jackals a lichen 2 newts 42 creatures vanquished. No species were genocided or became extinct. Voluntary challenges: You were illiterate. You never engraved Elbereth. You never genocided any monsters. You never polymorphed an object. You never changed form. You used no wishes. Achievements: You attained the rank of Novice. You attained the rank of Initiate. The Dungeons of Doom: levels 1 to 8 Level 1: A sink, a grave. Level 2: Level 3: Level 4: Level 5: A fountain. Level 6: Level 7: <- You were here. An altar to Chih Sung-tzu, a fountain, a sink. Final resting place for you, killed by a white unicorn. Level 8: Game over: ---------- / \ / REST \ / IN \ / PEACE \ / \ | Gandelf | | 27 Au | | killed by a | | white unicorn | | | | | | 2022 | *| * * * | * _________)/\\_//(\/(/\)/\//\/|_)_______ Goodbye Gandelf the Monk... You died in The Dungeons of Doom on dungeon level 7 with 2479 points, and 27 pieces of gold, after 2631 moves. You were level 6 with a maximum of 45 hit points when you died.